AoeStats
← Culona

Nomad

509943911Analyzed
2v2 RM · 3d ago on Sep 28, 2026· 30m 54s· 4 players
Game mode
Random Map
Map size
176×176
Population
200
Speed
Normal
Resources
Standard
Victory
Conquest
Starting age
Dark Age
Ending age
Imperial Age
RankedLock teamsTeams togetherTeam positionsShared explorationLock speedFull tech treeHidden civsTurbo modeCheats
Victory
Defeat
🇹🇷 Bulgarians · Türkiye
1076
+14
🇹🇷 Wu · Türkiye
1044
+15
🇦🇷 Koreans · Argentina
1056
-15
🇺🇸 Goths · United States
1013
-14
Culona
8:59 Loom
15:32 Feudal Age
21:12 Stone Mining
24:21 Castle Age
22:29 Fletching
23:41 Horse Collar
25:09 Bodkin Arrow
26:55 Double-Bit Axe
27:36 Eupseong
gbecerro
3:03 Loom
17:50 Feudal Age
19:56 Man-at-Arms
23:13 Double-Bit Axe
23:21 Gold Mining
29:03 Scale Mail Armor
Babuali
3:18 Loom
14:18 Feudal Age
26:30 Castle Age
27:18 Forging
27:09 Scale Mail Armor
27:43 Double-Bit Axe
28:52 Iron Casting
28:32 Chain Mail Armor
28:50 Town Watch
29:26 Gambesons
BurakHAN
7:24 Loom
14:51 Feudal Age
15:08 Man-at-Arms
17:58 Forging
20:01 Double-Bit Axe
22:38 Castle Age
22:03 Fishing Lines
22:59 Long Swordsman
23:41 Scale Mail Armor
24:53 Bow Saw
25:59 Gillnets
26:40 Squires
26:56 Horse Collar
30:49 Fletching
30:59 Padded Archer Armor
Connection lost

Rejoining the realm…

Still unreachable

The connection could not be restored.

Session expired

The server has moved on; the page needs a fresh start.